 Dungeon Crawl Stone Soup version 0.28-a0-998-gb9e9c7b67e (webtiles) character file.

Game seed: 8222709069724136033

14 ytrimaz the Insei (level 2, 0/18 HPs)
             Began as an Octopode Transmuter on Dec 5, 2021.
             Slain by Jessica (2 damage)
             ... on level 2 of the Dungeon.
             The game lasted 00:00:49 (454 turns).

ytrimaz the Insei (Octopode Transmuter)              Turns: 454, Time: 00:00:49

Health: 0/18       AC:  1    Str:  9    XL:     2   Next: 41%
Magic:  5/5        EV: 13    Int: 15    God:
Gold:   7          SH:  0    Dex: 12    Spells: 4/5 levels left

rFire   . . .      SeeInvis .     - Unarmed
rCold   . . .      Faith    .   (no shield)
rNeg    . . .      Spirit   .   (helmet restricted)
rPois   .          Reflect  .   (no amulet)
rElec   .          Harm     .   (no ring)
rCorr   .          Rampage  .   (no ring)
Will    .....                   (no ring)
Stlth   ++........              (no ring)
HPRegen 0.06/turn               (no ring)
MPRegen 0.09/turn               (no ring)
                                (no ring)
                                (no ring)

@: flying
A: almost no armour, amphibious, 8 rings, camouflage 1, gelatinous body 1,
(nimble swimmer 1), tentacles
a: no special abilities


You were on level 2 of the Dungeon.
You visited 1 branch of the dungeon, and saw 2 of its levels.

You collected 7 gold pieces.

You aren't carrying anything.


   Skills:
 * Level 1.2 Fighting
 - Level 2.0 Dodging
 + Level 3.2 Unarmed Combat
 * Level 2.2 Spellcasting
 * Level 2.2 Transmutations


You had 4 spell levels left.
You knew the following spells:

 Your Spells              Type           Power      Damage    Failure   Level
a - Beastly Appendage     Tmut           16%        N/A       9%          1

Your spell library contained the following spells:

 Spells                   Type           Power      Damage    Failure   Level
 Wereblood                Tmut           8%         N/A       13%         2
 Spider Form              Tmut/Pois      5%         N/A       38%         3
 Ice Form                 Ice/Tmut       5%         N/A       80%         4


Dungeon Overview and Level Annotations

Branches:
Dungeon (1/15)

Altars:

Annotations:
D:2 Jessica


Innate Abilities, Weirdness & Mutations

You cannot wear most types of armour.
You are amphibious.
You can wear up to eight rings at the same time.
Your skin changes colour to match your surroundings (Stealth+).
Your rubbery body absorbs attacks. (AC +1, EV +1)
((You are camouflaged near water. (Stealth+)))
You have tentacles for arms and can constrict up to eight enemies at once.


Message History

* * * LOW HITPOINT WARNING * * *
The ball python constricts you.
* * * LOW HITPOINT WARNING * * *
Unknown command.
You escape the ball python's grasp.
You barely miss the ball python. Your grab misses the ball python.
Your tentacle spike misses the ball python.
The ball python closely misses you. The ball python barely misses you.
Unknown command.
You aren't carrying any scrolls.
Your transformation is almost over.
The ball python closely misses you. The ball python grabs you.
The ball python constricts you.
* * * LOW HITPOINT WARNING * * *
You escape the ball python's grasp.
You see here a dart slug corpse.
There is a shaft here.
You are sucked into a shaft and drop 1 floor!
The shaft crumbles and collapses.
Found three items.
Your tentacle spike disappears.
Found 25 stones.
Press: ? - help, v - describe, . - travel
Here: Jessica, wielding a +0 club and wearing a +0 robe The floor.
Unknown command.
You reach down and open the door.
There is an open door here.
You reach down and close the door.
Jessica opens the door.
You reach down and open the door. 3 goblins and 3 hobgoblins come into view.
The hobgoblin shouts! x3
A goblin opens the door.
The goblin shouts!
A hobgoblin comes into view.
The hobgoblin shouts!
You hear a shout!
Unknown command.
The goblin shouts!
You hear a shout!
Jessica hits you with a +0 club.
You die...

...# ###.(.# .#...#
####+### .....#
g#gg.# ##....#
'gg.+.g#....# g..#
##....#
##g####.....#
#@..#.@.#...# # #
##@##.###...#$##
#..#'#..##.........
#.....###.@.......
###.###...........
............?....
...................
#...................
#.........?.....b...


You could see Jessica, 3 hobgoblins and a goblin.

Vanquished Creatures
  A dart slug (D:1)
  A ball python (D:1)
  3 hobgoblins (D:1)
  A kobold (D:1)
  A bat (D:1)
  A frilled lizard (D:1)
  2 goblins (D:1)
  A rat (D:1)
11 creatures vanquished.

Notes
Turn   | Place    | Note
-------+----------+-------------------------------------------
     0 | D:1      | ytrimaz the Octopode Transmuter began the quest for the
                  | Orb.
     0 | D:1      | Reached XP level 1. HP: 13/13 MP: 3/3
   126 | D:1      | Reached XP level 2. HP: 11/18 MP: 5/5
   324 | D:1      | Found a faded altar of an unknown god.
   437 | D:1      | You are sucked into a shaft and drop 1 floor!
   437 | D:2      | Noticed Jessica
   454 | D:2      | Slain by Jessica

Illustrated notes

Levels and vault maps discovered:
D:1:      sevenhm_arrival_forest_fort_small_5, layout_rooms,
          hellmonk_ecumenical_altar_leap_of_faith, minmay_pentomino_u4
D:2:      cheibrodos_greedy_goblins, layout_basic, uniq_jessica

Action                   || total
-------------------------++-------
Melee: Unarmed           ||    17
       Constrict         ||     6
       Kick              ||     4
       Tentacles         ||     5
       Punch             ||     1
 Cast: Beastly Appendage ||     6
  Use: Potion            ||     1
Armor: Skin              ||     1
Dodge: Dodged            ||    28

Table legend: (Time is in decaauts)
 A = Elapsed time spent in this place.
 B = Non-inter-level travel time spent in this place.
 C = Inter-level travel time spent in this place.
 D = Time resting spent in this place.
 E = Time spent auto-exploring this place.
 F = Levels seen in this place.
 G = Mean time per level.
                   A        B        C        D        E       F      G
               +--------+--------+--------+--------+--------+-----+--------+
         Total |    453 |    453 |      0 |      0 |    341 |   2 |  226.5 |
       Dungeon |    453 |    453 |      0 |      0 |    341 |   2 |  226.5 |
               +--------+--------+--------+--------+--------+-----+--------+

Top non-repeatable levels by time:
     D:1: 436 daAuts
     D:2: 16 daAuts
